 Dungeon Sprint DCSS version 0.29-a0-872-g797fff5ad1 (webtiles) character file.

Game seed: 8647009620589734940

26 mhtbhm the Trooper (level 3, -4/25 HPs)
             Began as a Gargoyle Fighter on July 19, 2022.
             Slain by an ogre
             ... wielding a +0 giant club
              (18 damage)
             ... in the Dungeon (Sprint I: "Red Sonja").
             The game lasted 00:00:17 (214 turns).

mhtbhm the Trooper (Gargoyle Fighter)                Turns: 214, Time: 00:00:18

Health: -4/25      AC: 16    Str: 21    XL:     3   Next: 8%
Magic:  3/3        EV:  7    Int:  8    God:
Gold:   0          SH:  4    Dex:  9    Spells: 2/2 levels left

rFire   . . .      SeeInvis .   a - +0 war axe
rCold   . . .      Faith    .   c - +0 buckler
rNeg    + . .      Spirit   .   b - +4 chain mail {rPois}
rPois   ∞          Reflect  .   (no helmet)
rElec   +          Harm     .   (no cloak)
rCorr   .          Rampage  .   (no gloves)
Will    .....      NoTele   +   (no boots)
Stlth   ..........              (no amulet)
HPRegen 0.08/turn               (no ring)
MPRegen 0.08/turn               (no ring)

@: no status effects
A: sickness immunity, AC +3, negative energy resistance 1, electricity
resistance, torment resistance 1, petrification resistance
a: no special abilities


You were in the Dungeon.
You visited 1 branch

Inventory:

Hand Weapons
 a - a +0 war axe (weapon)
Armour
 b - a +4 chain mail of poison resistance (worn)
 c - a +0 buckler (worn)
Wands
 i - a wand of roots (6)
Scrolls
 j - a scroll of blinking
Potions
 d - a potion of might
 e - a potion of curing
 f - a potion of heal wounds
 g - a potion of haste
 h - 2 potions of magic


   Skills:
 + Level 4.8 Fighting
 + Level 2.6 Axes
 + Level 4.7 Armour
 + Level 4.6 Shields


You had 2 spell levels left.
You didn't know any spells.
Your spell library was empty.

Dungeon Overview and Level Annotations

Branches:
Dungeon (1/1)

Altars:


Innate Abilities, Weirdness & Mutations

You are immune to sickness and miasma.
Your stone body is resilient. (AC +3)
You are immune to poison.
You resist negative energy. (rN+)
You are resistant to electric shocks. (rElec)
You are resistant to unholy torment.
You are immune to petrification.


Message History

You are exhausted.
You feel yourself slow down.
You start resting.
You feel yourself speed up.
You start resting.
You recover from your berserk rage.
You start resting.
HP restored.
You start removing your armour.
You continue taking off your +0 scale mail. x4
You finish taking off your +0 scale mail.
You drop a +0 scale mail.
b - a +4 chain mail of poison resistance You start putting on your armour.
You continue putting on your +4 chain mail of poison resistance. x4
You finish putting on your +4 chain mail of poison resistance.
Okay, then.
You open the door.
An ogre comes into view. It is wielding a +0 giant club.
The ogre shouts!
Aiming: Fastroot
Press: ? - help, Shift-Dir - straight line, f - ogre
Aim: an ogre, wielding a +0 giant club The roots erupt in riotous growth!
Roots grab the ogre.
The grasping roots constrict the ogre!
The ogre struggles to escape constriction.
Unknown command.
The grasping roots constrict the ogre!
The roots release their grip on the ogre.
The ogre closely misses you.
There is an open door here.
You barely miss the ogre.
The ogre is severely wounded.
The ogre hits you with a +0 giant club!
You hit the ogre.
The ogre is severely wounded.
The ogre hits you with a +0 giant club!!
Ouch! That really hurt!
You die...

##########
#<.#..@O.#
#..[..#..+
#..#####+#
#..# #..#
#..# #⌠⌠#
####


You could see an ogre.

Vanquished Creatures
  Ijyb (D)
1 creature vanquished.

Notes
Turn   | Place    | Note
-------+----------+-------------------------------------------
     0 | D        | mhtbhm the Gargoyle Fighter began the quest for the Orb.
     0 | D        | Reached XP level 1. HP: 14/14 MP: 1/1
     1 | D        | Noticed Ijyb
    15 | D        | Killed Ijyb
    16 | D        | Reached XP level 2. HP: 11/20 MP: 2/2
    16 | D        | Reached XP level 3. HP: 14/25 MP: 3/3
   210 | D        | Noticed an ogre
   214 | D        | Slain by an ogre

Illustrated notes

Levels and vault maps discovered:
D:        dungeon_sprint_1 [red_sonja_temple_1, red_sonja_temple_small_1]

Skill      XL: |  1 |
---------------+----+-----
Fighting       | 4 |  4.8
Axes           | 2 |  2.6
Armour         | 4 |  4.7
Shields        | 4 |  4.6

Action                   || total
-------------------------++-------
Melee: War axe           ||    15
Evoke: Wand              ||     1
  Use: Potion            ||     1
Armor: Scale mail        ||     5
Dodge: Dodged            ||     4
Block: Buckler           ||     1

Table legend: (Time is in decaauts)
 A = Elapsed time spent in this place.
 B = Non-inter-level travel time spent in this place.
 C = Inter-level travel time spent in this place.
 D = Time resting spent in this place.
 E = Time spent auto-exploring this place.
 F = Levels seen in this place.
 G = Mean time per level.
                   A        B        C        D        E       F      G
               +--------+--------+--------+--------+--------+-----+--------+
         Total |    227 |    227 |      0 |    192 |      1 |   1 |  227.0 |
       Dungeon |    227 |    227 |      0 |    192 |      1 |   1 |  227.0 |
               +--------+--------+--------+--------+--------+-----+--------+

Top non-repeatable levels by time:
       D: 227 daAuts
